 Dungeon Crawl Stone Soup version 0.21-a0-286-g6fcecc0 (console) character file.

3459 pagos the Spear-Bearer (level 9, -1/75 HPs)
             Began as a Minotaur Fighter on Sept 28, 2017.
             Was a Priest of Okawaru.
             Slain by a sixfirhy (11 damage)
             ... summoned by an orc sorcerer
             ... on level 7 of the Dungeon.
             The game lasted 00:23:13 (5194 turns).

pagos the Spear-Bearer (Minotaur Fighter)           Turns: 5194, Time: 00:23:13

Health: -1/75      AC: 15    Str: 24    XL:     9   Next: 78%
Magic:  6/8        EV: 11    Int:  8    God:    Okawaru [***...]
Gold:   441        SH: 12    Dex: 10    Spells: 8/8 levels left

rFire    . . .     SeeInvis .   w - +3 trident (vamp)
rCold    . . .     Gourm    .   c - +0 shield
rNeg     . . .     Faith    .   C - +0 chain mail
rPois    .         Spirit   .   (helmet restricted)
rElec    .         Reflect  .   o - +0 cloak
rCorr    .         Harm     .   (no gloves)
MR       +....                  g - +0 pair of boots
Stlth    ..........             (no amulet)
HPRegen  0.22/turn              i - +3 ring of intelligence
MPRegen  0.11/turn              H - ring of protection from magic

@: lethally poisoned (-1 -> -2), heroism
A: retaliatory headbutt, horns 2
a: Heroism, Renounce Religion


You were on level 7 of the Dungeon.
You worshipped Okawaru.
Okawaru was most pleased with you.
You were hungry.

You visited 2 branches of the dungeon, and saw 8 of its levels.
You also visited: Sewer.

You collected 441 gold pieces.

Inventory:

Hand Weapons
 w - a +3 vampiric trident (weapon)
 z - the +10 short sword "Oduij" {holy, Str+3 Int+4 Dex+4, unknown}
   (You found it in a sewer)

   It has been blessed by the Shining One to cause great damage to the undead
   and demons.
   It affects your strength (+3).
   It affects your intelligence (+4).
   It affects your dexterity (+4).
Armour
 c - a +0 shield (worn)
 g - a +0 pair of boots (worn)
 o - a +0 cloak (worn)
 C - a +0 chain mail (worn)
 F - a +2 scale mail of fire resistance
Jewellery
 i - a +3 ring of intelligence (left hand)
 E - an uncursed ring of ice
 H - a ring of protection from magic (right hand)
Scrolls
 e - 4 scrolls of identify
 j - a scroll of blinking {unknown}
 p - a scroll of random uselessness {unknown}
 q - a scroll of enchant weapon
 r - 6 scrolls of remove curse
 s - 2 scrolls of amnesia
 t - 2 scrolls of teleportation
 x - a scroll of magic mapping
 y - a scroll of recharging {unknown}
 D - a scroll of fog {unknown}
Potions
 a - a potion of brilliance {unknown}
 b - 2 potions of lignification {unknown}
 d - 3 potions of might
 h - 3 potions of agility {unknown}
 k - a potion of invisibility {unknown}
 m - a potion of magic {unknown}
 n - 6 potions of flight {unknown}
 u - 6 potions of heal wounds
 v - a potion of curing {unknown}
 A - a potion of degeneration {unknown}
Comestibles
 f - 2 bread rations
 l - 3 meat rations
 B - a royal jelly


   Skills:
 + Level 6.2(11.2) Fighting
   Level 4.7(9.7) Maces & Flails
 * Level 12.7(17.7) Polearms
 + Level 6.2(11.2) Armour
 + Level 3.0(8.0) Dodging
 + Level 6.0(11.0) Shields


You had 8 spell levels left.
You didn't know any spells.

Dungeon Overview and Level Annotations

Branches:
Dungeon (7/15)             Temple (1/1) D:4

Altars:
Ashenzari
Cheibriados
Dithmenos
Elyvilon
Fedhas
Gozag
Hepliaklqana
Kikubaaqudgha
Makhleb
Nemelex Xobeh
Okawaru
Qazlal
Ru
Sif Muna
Uskayaw
Vehumet
Xom
Yredelemnul
Zin
The Shining One


Innate Abilities, Weirdness & Mutations

You reflexively headbutt those who attack you in melee.
You have a pair of horns on your head.


Message History

You are too injured to fight recklessly!
You are too injured to fight recklessly!
You are too injured to fight recklessly!
You are too injured to fight recklessly!
You are too injured to fight recklessly!
You are too injured to fight recklessly!
You are too injured to fight recklessly!
You are too injured to fight recklessly!
You completely miss the sixfirhy.
The sixfirhy is lightly wounded.
You feel sick.
You puncture the sixfirhy! You headbutt the sixfirhy!
The sixfirhy is severely wounded.
You gain the combat prowess of a mighty hero.
The sixfirhy barely misses you. The sixfirhy hits you. The sixfirhy shocks you!
* * * LOW HITPOINT WARNING * * *
The sixfirhy hits you!
* * * LOW HITPOINT WARNING * * *
The sixfirhy shocks you!
You die...

#. ..##≈. #.. .(.#≈
##.K )... .. ...4K#
.!. ≈.# ######..K≈##
.. #≈.#
#....#...≈≈##.##≈≈.#
#.##.#....≈≈≈≈≈≈≈..#
#.##<#..#.K.4.....#
#.##.#...###S(#####
#.##...#.###3##
#.###......@.#
#.###.......##
#....)......#
#####.......#
#.......# #.......#
#.......# #.......#
#.......# #########


You could see a sixfirhy, a red devil and an adder.

Vanquished Creatures
  The ghost of civil the Chopper, a novice DDMo (D:5)
  Grinder (D:5)
  The ghost of Banquo the Caller, an amateur MfSu of Fedhas (Sewer)
  Duvessa (D:4)
  2 ice beasts (D:5)
  A phantom (D:6)
  An orc warrior (D:6)
  2 ogres
  5 centaurs
  A big kobold (Sewer)
  A bullfrog (D:6)
  Dowan (D:4)
  3 howler monkeys
  3 crimson imps (D:5)
  A bullfrog zombie (D:5)
  2 bullfrog skeletons
  7 orc priests
  6 hounds
  A centaur skeleton (D:3)
  Crazy Yiuf (D:5)
  A jelly (D:5)
  2 iguanas (D:6)
  6 worker ants
  6 orc wizards
  6 gnolls
  13 adders
  4 river rats (Sewer)
  A shadow imp (D:5)
  4 oozes
  2 adder zombies (D:5)
  2 adder skeletons
  4 worms
  3 dart slugs
  9 leopard geckos
  31 orcs
  8 giant cockroaches
  2 goblins
  6 hobgoblins
  2 quokkas (D:3)
  4 ball pythons
  A ball python skeleton (D:4)
  6 bats
  8 frilled lizards
  A giant cockroach zombie (D:5)
  19 kobolds
  A quokka zombie (D:5)
  30 rats
224 creatures vanquished.

Notes
Turn   | Place    | Note
-------+----------+-------------------------------------------
     0 | D:1      | pagos the Minotaur Fighter began the quest for the Orb.
     0 | D:1      | Reached XP level 1. HP: 19/19 MP: 0/0
   137 | D:1      | Reached XP level 2. HP: 26/26 MP: 1/1
   656 | D:2      | Reached XP level 3. HP: 29/33 MP: 2/2
   876 | D:2      | Reached XP level 4. HP: 33/40 MP: 3/3
  1238 | D:3      | Reached XP level 5. HP: 39/46 MP: 4/4
  1717 | D:4      | Found a staircase to the Ecumenical Temple.
  1717 | D:4      | Noticed Dowan
  1718 | D:4      | Noticed Duvessa
  1729 | D:4      | Killed Duvessa
  1729 | D:4      | Reached skill level 3 in Polearms
  1729 | D:4      | Reached XP level 6. HP: 53/53 MP: 5/5
  1736 | D:4      | Killed Dowan
  1736 | D:4      | Reached skill level 4 in Polearms
  2008 | D:4      | Found a glowing golden altar of the Shining One.
  2027 | D:4      | Reached skill level 5 in Polearms
  2051 | D:4      | Reached XP level 7. HP: 46/60 MP: 6/6
  2394 | D:4      | Reached skill level 6 in Polearms
  2567 | D:5      | Entered Level 5 of the Dungeon
  2688 | Temple   | Entered the Ecumenical Temple
  2778 | Temple   | Became a worshipper of Warmaster Okawaru
  2818 | D:5      | Reached skill level 7 in Polearms
  2841 | D:5      | Reached skill level 8 in Polearms
  2852 | D:5      | Reached * piety under Okawaru
  2852 | D:5      | Reached XP level 8. HP: 58/67 MP: 7/7
  2868 | D:5      | Reached skill level 9 in Polearms
  3031 | D:5      | Reached skill level 10 in Polearms
  3048 | D:5      | Noticed civil's ghost (novice DDMo)
  3078 | D:5      | Killed civil's ghost
  3078 | D:5      | Reached ** piety under Okawaru
  3078 | D:5      | Reached skill level 11 in Polearms
  3194 | D:5      | Found a runed door.
  3318 | D:5      | Found a stormy altar of Qazlal.
  3405 | D:5      | Found a glowing silver altar of Zin.
  3413 | D:5      | Reached skill level 5 in Shields
  3539 | D:5      | Noticed Grinder
  3549 | D:5      | Killed Grinder
  3549 | D:5      | Reached skill level 5 in Armour
  3549 | D:5      | Reached skill level 1 in Dodging
  3549 | D:5      | Reached XP level 9. HP: 38/73 MP: 8/8
  3667 | D:5      | Reached skill level 12 in Polearms
  3745 | D:5      | Noticed Crazy Yiuf
  3751 | D:5      | Killed Crazy Yiuf
  3860 | D:6      | Reached skill level 5 in Fighting
  3936 | D:6      | Reached *** piety under Okawaru
  4112 | D:6      | Found a glowing drain.
  4132 | Sewer    | Entered a sewer
  4169 | Sewer    | Noticed Banquo's ghost (amateur MfSu)
  4467 | Sewer    | Got a slimy short sword
  4512 | Sewer    | Killed Banquo's ghost
  4823 | D:6      | Found a deep blue altar of Sif Muna.
  4998 | D:6      | Found a white marble altar of Elyvilon.
  5178 | D:7      | Noticed an orc sorcerer
  5178 | D:7      | Noticed an orc sorcerer
  5179 | D:7      | Noticed a wizard
  5180 | D:7      | Noticed an orc sorcerer
  5180 | D:7      | Noticed a sixfirhy
  5182 | D:7      | Noticed a red devil
  5186 | D:7      | Noticed an ice devil
  5189 | D:7      | Noticed a rust devil
  5194 | D:7      | Slain by a sixfirhy

Vault maps used:
D:1:      roderic_octagonal_star, minmay_tromino_v4_b
D:4:      tso_oasis_becter, minmay_temple_entry_glass, first_bread, uniq_duvessa
D:5:      cheibrodos_helix_gallery, serial_bayou_pond_b,
          hangedman_feature_mirror, uniq_crazy_yiuf_cottage, uniq_grinder
D:6:      old_standard_altar, gup_sewer_entry_glass, elyvilon_altar_4
D:7:      cheibrodos_wizards_tower, serial_undead, serial_undead_d,
          serial_undead_c, serial_undead_c, serial_undead_f, serial_undead_d,
          minivault_14, grunt_ogre_cave, uniq_pikel
Temple:   regret_index_temple_waves
Sewer:    sewer_minmay_treatment

Skill      XL: |  1  2  3  4  5  6  7  8  9 |
---------------+----------------------------+-----
Maces & Flails | 3 4 |  4.7
Armour         | 4 5 6 |  6.2
Shields        | 4 5 6 |  6.0
Fighting       | 4 6 |  6.2
Polearms       | 3 5 8 11 12 | 12.7
Dodging        | 1 3 |  3.0

Action                   |  1- 3 |  4- 6 |  7- 9 || total
-------------------------+-------+-------+-------++-------
Melee: Flail             |    99 |    74 |       ||   173
       Headbutt          |    11 |    18 |    65 ||    94
       Trident           |       |    59 |   481 ||   540
Invok: Heroism           |       |       |     1 ||     1
  Use: Scroll            |       |     2 |     8 ||    10
  Eat: Chunk             |       |     3 |     9 ||    12
       Bread ration      |       |     1 |       ||     1
       Royal jelly       |       |     1 |       ||     1
Armor: Scale mail        |    30 |    58 |     1 ||    89
       Chain mail        |       |       |   125 ||   125
Dodge: Dodged            |    37 |    34 |    69 ||   140
Block: Shield            |    54 |    75 |   129 ||   258

Table legend:
 A = Spawn XP
 B = Non-spawn XP
 C = Spawn XP percentage of total XP
 D = Spawn monster count
 E = Non-spawn monster count
 F = Spawn count percentage of total count
 G = Total turns spent on level
                    A         B        C        D         E        F      G
               +---------+---------+-------+---------+---------+-------+---------
         Total |       0 |    4942 |   0.0 |       0 |     224 |   0.0 |  5194
               +---------+---------+-------+---------+---------+-------+---------
           D:1 |       0 |      38 |   0.0 |       0 |      23 |   0.0 |   647
           D:2 |       0 |      69 |   0.0 |       0 |      12 |   0.0 |   505
           D:3 |       0 |     195 |   0.0 |       0 |      30 |   0.0 |   543
           D:4 |       0 |     668 |   0.0 |       0 |      33 |   0.0 |   999
           D:5 |       0 |    2262 |   0.0 |       0 |      40 |   0.0 |  1007
           D:6 |       0 |    1105 |   0.0 |       0 |      36 |   0.0 |   746
           D:7 |       0 |     116 |   0.0 |       0 |       1 |   0.0 |    40
         Sewer |       0 |     489 |   0.0 |       0 |      49 |   0.0 |   596
               +---------+---------+-------+---------+---------+-------+---------
